PIO (24 & UNDER)
SASKATOON SMOKIN' GUNS @ JASPER COUGARS
07/04/2023
 
TOP OF THE 1ST
Saskatoon Smokin' Guns batting - Pitching for Jasper Cougars : RHP Aaron Green
Pitching: RHP Aaron Green
Batting: RHB Chris Richards 0-0: Ball
1-0: Ball
2-0: Ball
3-0: Called Strike
3-1: Called Strike
3-2: Strikes out swinging
Batting: RHB Eric Neal 0-0: Called Strike
0-1: Ball
1-1: Called Strike
1-2: Ball
2-2: Ground out 4-3 (Groundball, 34)
Batting: LHB Freddy Herrera 0-0: Ball
1-0: Ball
2-0: Called Strike
2-1: Ball
3-1: Base on Balls
Batting: LHB Del Kennedy 0-0: Called Strike
0-1: Called Strike
0-2: Strikes out swinging
Top of the 1st over - 0 run(s), 0 hit(s), 0 error(s), 1 left on base; Saskatoon 0 - Jasper 0
BOTTOM OF THE 1ST
Jasper Cougars batting - Pitching for Saskatoon Smokin' Guns : RHP Luis Trujillo
Pitching: RHP Luis Trujillo
Batting: LHB Jon Scott 0-0: Called Strike
0-1: Swinging Strike
0-2: Ball
1-2: Foul Ball, location: 2F
1-2: Strikes out looking
Batting: RHB Dave Parker 0-0: Ball
1-0: Swinging Strike
1-1: Ball
2-1: Foul Ball, location: 2F
2-2: Ball
3-2: Strikes out swinging
Batting: RHB Jesús Hernández 0-0: Called Strike
0-1: Called Strike
0-2: Strikes out looking
Bottom of the 1st over - 0 run(s), 0 hit(s), 0 error(s), 0 left on base; Saskatoon 0 - Jasper 0
TOP OF THE 2ND
Saskatoon Smokin' Guns batting - Pitching for Jasper Cougars : RHP Aaron Green
Batting: RHB António Yánez 0-0: Called Strike
0-1: Swinging Strike
0-2: Strikes out looking
Batting: RHB Pedro Núńez 0-0: Swinging Strike
0-1: Swinging Strike
0-2: SINGLE (Line Drive, 78S)
Batting: RHB Kenny Thompson 0-0: Ball
1-0: Called Strike
1-1: Grounds into double play, 5-4-3 (Groundball, 5)
Top of the 2nd over - 0 run(s), 1 hit(s), 0 error(s), 0 left on base; Saskatoon 0 - Jasper 0
BOTTOM OF THE 2ND
Jasper Cougars batting - Pitching for Saskatoon Smokin' Guns : RHP Luis Trujillo
Batting: SHB Ron Edwards 0-0: Fly out, F9 (Flyball, 89XD)
Batting: LHB Enrique Valentín 0-0: Ground out U3 (Groundball, 3S)
Batting: RHB Dan Hooper 0-0: Ball
1-0: Ball
2-0: Called Strike
2-1: Swinging Strike
2-2: Strikes out swinging
Bottom of the 2nd over - 0 run(s), 0 hit(s), 0 error(s), 0 left on base; Saskatoon 0 - Jasper 0
TOP OF THE 3RD
Saskatoon Smokin' Guns batting - Pitching for Jasper Cougars : RHP Aaron Green
Batting: RHB Alvin Hampton 0-0: Foul Ball, location: 2F
0-1: Ball
1-1: Swinging Strike
1-2: Ball
2-2: Ball
3-2: Base on Balls
Batting: RHB Jason O'Toole 0-0: Foul Ball, location: 2F
0-1: Ball
1-1: Ball
2-1: Swinging Strike
2-2: Strikes out swinging
Batting: RHB Chris Richards 0-0: Called Strike
0-1: Called Strike
0-2: Ball
1-2: Foul Ball, location: 2F
1-2: Ball
2-2: Foul Ball, location: 2F
2-2: Foul Ball, location: 2F
2-2: Foul Ball, location: 2F
2-2: Ball
3-2: Fly out, F7 (Flyball, 78M)
Batting: RHB Eric Neal 0-0: Fly out, F8 (Flyball, 8LXD)
Top of the 3rd over - 0 run(s), 0 hit(s), 0 error(s), 1 left on base; Saskatoon 0 - Jasper 0
BOTTOM OF THE 3RD
Jasper Cougars batting - Pitching for Saskatoon Smokin' Guns : RHP Luis Trujillo
Batting: LHB Pepe Vázquez 0-0: DOUBLE (Line Drive, 7LS)
Batting: RHB Juan Vázquez 0-0: Ground out 2-3 (Groundball, 25)
Pepe Vázquez to third
Batting: RHB Greg King 0-0: Ball
1-0: Ball
2-0: Foul Ball, location: 2F
Reached via error on a dropped throw, E3
Pepe Vázquez scores
Batting: LHB Jon Scott 0-0: Ball
1-0: Called Strike
1-1: Ball
2-1: Swinging Strike
2-2: Strikes out swinging
Batting: RHB Dave Parker 0-0: Foul Ball, location: 2F
0-1: Ball
1-1: Ball
Throwing error on steal attempt, E2
Greg King to third
2-1: Ground out 6-3 (Groundball, 6)
Bottom of the 3rd over - 1 run(s), 1 hit(s), 2 error(s), 1 left on base; Saskatoon 0 - Jasper 1
TOP OF THE 4TH
Saskatoon Smokin' Guns batting - Pitching for Jasper Cougars : RHP Aaron Green
Batting: LHB Freddy Herrera 0-0: Ball
1-0: Foul Ball, location: 2F
1-1: Foul Ball, location: 2F
1-2: Ground out 1-3 (Groundball, 25)
Batting: LHB Del Kennedy 0-0: Ball
1-0: Ball
2-0: Ball
3-0: Base on Balls
Batting: RHB António Yánez 0-0: Called Strike
Del Kennedy steals 2nd base
0-1: Foul Ball, location: 2F
0-2: Reached on error, E6 (Groundball, 6)
Del Kennedy scores
Batting: RHB Pedro Núńez 0-0: Called Strike
0-1: SINGLE (Groundball, 6MD)
António Yánez to third
Runner from 3rd tries for Home, SAFE, throw made home
Pedro Núńez to second
Batting: RHB Kenny Thompson 0-0: Foul Ball, location: 2F
0-1: Ball
Wild Pitch!
Pedro Núńez to third
1-1: Called Strike
1-2: Strikes out swinging
Batting: RHB Alvin Hampton 0-0: Ground out 6-3 (Groundball, 6M)
Top of the 4th over - 2 run(s), 1 hit(s), 1 error(s), 1 left on base; Saskatoon 2 - Jasper 1
BOTTOM OF THE 4TH
Jasper Cougars batting - Pitching for Saskatoon Smokin' Guns : RHP Luis Trujillo
Batting: RHB Jesús Hernández 0-0: Ball
1-0: Swinging Strike
1-1: SINGLE (Line Drive, 8RS)
Batting: SHB Ron Edwards 0-0: Foul Ball, location: 2F
0-1: Ball
1-1: Swinging Strike
1-2: Ball
2-2: Foul Ball, location: 2F
2-2: Strikes out looking
Batting: LHB Enrique Valentín 0-0: Foul Ball, location: 2F
0-1: Ball
1-1: Ball
2-1: Ball
3-1: Base on Balls
Jesús Hernández to second
Batting: RHB Dan Hooper 0-0: Called Strike
0-1: Foul Ball, location: 2F
0-2: Ball
1-2: Fielders Choice at 2nd, U4 (Groundball, 4M)
Jesús Hernández to third
Batting: LHB Pepe Vázquez 0-0: Foul Ball, location: 2F
0-1: Ball
1-1: Ball
2-1: Ball
3-1: Fly out, F2 (Popup, 2LF)
Bottom of the 4th over - 0 run(s), 1 hit(s), 0 error(s), 2 left on base; Saskatoon 2 - Jasper 1
TOP OF THE 5TH
Saskatoon Smokin' Guns batting - Pitching for Jasper Cougars : RHP Aaron Green
Batting: RHB Jason O'Toole 0-0: Ground out 6-3 (Groundball, 6)
Batting: RHB Chris Richards 0-0: Called Strike
0-1: Fly out, F6 (Line Drive, 6)
Batting: RHB Eric Neal 0-0: Foul Ball, location: 2F
0-1: Ground out 6-3 (Groundball, 6)
Top of the 5th over - 0 run(s), 0 hit(s), 0 error(s), 0 left on base; Saskatoon 2 - Jasper 1
BOTTOM OF THE 5TH
Jasper Cougars batting - Pitching for Saskatoon Smokin' Guns : RHP Luis Trujillo
Batting: RHB Juan Vázquez 0-0: Foul Ball, location: 2F
0-1: Ball
1-1: Ball
2-1: Swinging Strike
2-2: Ball
3-2: Foul Ball, location: 2F
3-2: SINGLE (Groundball, 56D)
Batting: RHB Greg King 0-0: Called Strike
0-1: Foul Ball, location: 2F
0-2: SINGLE (Groundball, 6MD)
Juan Vázquez to second
Batting: LHB Jon Scott 0-0: Ball
1-0: Ball
2-0: Called Strike
2-1: Foul Ball, location: 2F
2-2: Ground out 4-3 (Groundball, 4MS)
Juan Vázquez to third
Greg King to second
Batting: RHB Dave Parker 0-0: Ball
1-0: Swinging Strike
1-1: Swinging Strike
1-2: Ball
2-2: Ball
3-2: Strikes out looking
Batting: RHB Jesús Hernández 0-0: Ball
1-0: Ball
2-0: Swinging Strike
2-1: Foul Ball, location: 2F
2-2: Ball
3-2: Base on Balls
Pitching: LHP Manuel Gil
Batting: SHB Ron Edwards 0-0: Ball
1-0: SINGLE (Flyball, 8RS)
Juan Vázquez scores
Greg King to third
Jesús Hernández to second
Runner from 3rd tries for Home, SAFE, throw made at trailing runner, OUT at third!
Bottom of the 5th over - 2 run(s), 3 hit(s), 0 error(s), 1 left on base; Saskatoon 2 - Jasper 3
TOP OF THE 6TH
Saskatoon Smokin' Guns batting - Pitching for Jasper Cougars : RHP Aaron Green
Batting: LHB Freddy Herrera 0-0: Swinging Strike
0-1: Foul Ball, location: 2F
0-2: Strikes out looking
Batting: LHB Del Kennedy 0-0: Ball
1-0: Ball
2-0: Foul Ball, location: 2F
2-1: Ball
3-1: Foul Ball, location: 2F
3-2: Ground out 4-3 (Groundball, 4)
Batting: RHB António Yánez 0-0: Called Strike
0-1: Fly out, F8 (Flyball, 8RD)
Top of the 6th over - 0 run(s), 0 hit(s), 0 error(s), 0 left on base; Saskatoon 2 - Jasper 3
BOTTOM OF THE 6TH
Jasper Cougars batting - Pitching for Saskatoon Smokin' Guns : LHP Manuel Gil
Batting: LHB Enrique Valentín 0-0: SINGLE (Groundball, 34)
Batting: RHB Dan Hooper 0-0: Ball
1-0: Foul Ball, location: 2F
1-1: Ball
2-1: Foul Ball, location: 2F
2-2: Ball
3-2: Strikes out swinging
Batting: LHB Pepe Vázquez 0-0: Ball
1-0: Called Strike
1-1: Foul Ball, location: 2F
1-2: Ball
2-2: Ball
3-2: Strikes out swinging
Batting: RHB Juan Vázquez 0-0: Ball
1-0: Called Strike
1-1: Ball
2-1: Swinging Strike
2-2: Ball
3-2: Foul Ball, location: 2F
3-2: Base on Balls
Enrique Valentín to second
Batting: RHB Greg King 0-0: Ball
1-0: Foul Ball, location: 2F
1-1: Ball
2-1: Foul Ball, location: 2F
2-2: Ball
3-2: Foul Ball, location: 2F
3-2: Foul Ball, location: 2F
3-2: Base on Balls
Enrique Valentín to third
Juan Vázquez to second
Batting: LHB Jon Scott 0-0: Ball
1-0: Ball
2-0: SINGLE (Groundball, 5D)
Enrique Valentín scores
Juan Vázquez to third
Greg King to second
Runner from 3rd tries for Home, SAFE, no throw or cutoff
Batting: RHB Dave Parker 0-0: SINGLE (Line Drive, 56D)
Greg King to third
Jon Scott to second
Runner from 3rd tries for Home, SAFE, no throw or cutoff
Pitching: LHP Dawson Sutton
Batting: RHB Jesús Hernández 0-0: Swinging Strike
0-1: Ball
1-1: Foul Ball, location: 2F
1-2: Strikes out swinging
Bottom of the 6th over - 3 run(s), 3 hit(s), 0 error(s), 2 left on base; Saskatoon 2 - Jasper 6
TOP OF THE 7TH
Saskatoon Smokin' Guns batting - Pitching for Jasper Cougars : RHP Aaron Green
Batting: RHB Pedro Núńez 0-0: Swinging Strike
0-1: Ball
1-1: Ball
2-1: Swinging Strike
2-2: Foul Ball, location: 2F
2-2: Foul Ball, location: 2F
2-2: Ball
3-2: Foul Ball, location: 2F
3-2: Strikes out swinging
Pitching: RHP Brad White
Batting: RHB Kenny Thompson 0-0: Ball
1-0: Called Strike
1-1: Swinging Strike
1-2: Foul Ball, location: 2F
1-2: Foul Ball, location: 2F
1-2: Strikes out swinging
Batting: RHB Alvin Hampton 0-0: Swinging Strike
0-1: Fly out, F7 (Flyball, 78M)
Top of the 7th over - 0 run(s), 0 hit(s), 0 error(s), 0 left on base; Saskatoon 2 - Jasper 6
BOTTOM OF THE 7TH
Jasper Cougars batting - Pitching for Saskatoon Smokin' Guns : LHP Dawson Sutton
Batting: SHB Ron Edwards 0-0: Ball
1-0: Ball
2-0: Foul Ball, location: 2F
2-1: Foul Ball, location: 2F
2-2: Ground out 5-3 (Groundball, 5)
Batting: LHB Enrique Valentín 0-0: DOUBLE (Line Drive, 3L)
Batting: RHB Dan Hooper 0-0: Intentional Walk
Batting: LHB Pepe Vázquez 0-0: Called Strike
0-1: Foul Ball, location: 2F
0-2: Fly out, F7 (Flyball, 78S)
Batting: RHB Juan Vázquez 0-0: Foul Ball, location: 2F
0-1: Called Strike
0-2: Foul Ball, location: 2F
0-2: Ball
1-2: Strikes out looking
Bottom of the 7th over - 0 run(s), 1 hit(s), 0 error(s), 2 left on base; Saskatoon 2 - Jasper 6
TOP OF THE 8TH
Saskatoon Smokin' Guns batting - Pitching for Jasper Cougars : RHP Brad White
Batting: RHB Jason O'Toole 0-0: Called Strike
0-1: SINGLE (Groundball, 56)
Batting: RHB Chris Richards 0-0: Swinging Strike
0-1: Foul Ball, location: 2F
0-2: Foul Ball, location: 2F
0-2: Ball
1-2: Strikes out swinging
Batting: RHB Eric Neal 0-0: Called Strike
0-1: Ball
1-1: Foul Ball, location: 2F
1-2: Ball
2-2: Grounds into double play, 6-4-3 (Groundball, 6)
Top of the 8th over - 0 run(s), 1 hit(s), 0 error(s), 0 left on base; Saskatoon 2 - Jasper 6
BOTTOM OF THE 8TH
Jasper Cougars batting - Pitching for Saskatoon Smokin' Guns : LHP Dawson Sutton
Batting: RHB Greg King 0-0: Ball
1-0: Ground out 6-3 (Groundball, 6)
Batting: LHB Jon Scott 0-0: Foul Ball, location: 2F
0-1: Foul Ball, location: 2F
0-2: Ball
1-2: Ball
2-2: Ball
3-2: Strikes out swinging
Batting: RHB Dave Parker 0-0: Ball
1-0: Ball
2-0: Ball
3-0: Called Strike
3-1: Swinging Strike
3-2: SINGLE (Flyball, 89S)
Batting: RHB Jesús Hernández 0-0: Ground out 5-3 (Groundball, 5S)
Bottom of the 8th over - 0 run(s), 1 hit(s), 0 error(s), 1 left on base; Saskatoon 2 - Jasper 6
TOP OF THE 9TH
Saskatoon Smokin' Guns batting - Pitching for Jasper Cougars : RHP Brad White
Batting: LHB Freddy Herrera 0-0: Ball
1-0: Called Strike
1-1: Foul Ball, location: 2F
1-2: Strikes out looking
Batting: LHB Del Kennedy 0-0: Ground out 4-3 (Groundball, 4)
Batting: RHB António Yánez 0-0: Ground out U3 (Groundball, 3)
Top of the 9th over - 0 run(s), 0 hit(s), 0 error(s), 0 left on base; Saskatoon 2 - Jasper 6
This league is powered by Out of the Park Baseball, the baseball management simulation game for PC, Mac and Linux
Wednesday, December 2nd, 2015 - OOTP Baseball 16.8 Build 38